 Dungeon Crawl Stone Soup version 0.25-a0-510-ge065f6de7d (webtiles) character file.

Game seed: 8844796568496902490, levelgen mode: deterministic

153 Kohma the Chiller (level 5, -6/42 HPs)
             Began as a Draconian Ice Elementalist on Feb 15, 2020.
             Killed by nerve-wracking pain
             ... invoked by Grinder
              (14 damage)
             ... on level 3 of the Dungeon.
             The game lasted 00:05:07 (2022 turns).

Kohma the Chiller (Draconian Ice Elementalist)      Turns: 2022, Time: 00:05:07

Health: -6/42      AC:  5    Str: 10    XL:     5   Next: 12%
Magic:  3/9        EV: 12    Int: 16    God:
Gold:   83         SH:  0    Dex: 12    Spells: 5/9 levels left

rFire    . . .     SeeInvis .   g - +0 short sword
rCold    . . .     Gourm    .   (no shield)
rNeg     . . .     Faith    .   (armour unavailable)
rPois    .         Spirit   .   (helmet restricted)
rElec    .         Reflect  .   (no cloak)
rCorr    .         Harm     .   (no gloves)
MR       .....                  (no boots)
Stlth    ++........             (no amulet)
HPRegen  0.14/turn              (no ring)
MPRegen  0.11/turn              (no ring)

@: no status effects
A: unfitting armour, cold-blooded, AC +5
a: no special abilities


You were on level 3 of the Dungeon.
You were not hungry.

You visited 1 branch of the dungeon, and saw 3 of its levels.

You collected 83 gold pieces.

Inventory:

Hand Weapons
 g - a +0 short sword (weapon)
Scrolls
 a - 3 scrolls of identify {unknown}
 c - 2 scrolls of teleportation {unknown}
 k - 2 scrolls of remove curse {unknown}
 m - a scroll of amnesia {unknown}
 n - 3 scrolls of random uselessness {unknown}
 p - a scroll of enchant weapon {unknown}
Potions
 d - a potion of heal wounds {unknown}
 e - 2 potions of degeneration {unknown}
 f - a potion of invisibility {unknown}
 h - 2 potions of curing
 i - a potion of agility {unknown}
 j - 2 potions of berserk rage {unknown}
 o - 2 potions of magic {unknown}
 q - 2 potions of lignification {unknown}
 r - a potion of might {unknown}
Comestibles
 b - 6 rations
 l - 5 chunks of flesh


   Skills:
 + Level 2.4 Fighting
 - Level 1.7 Dodging
 - Level 1.7 Stealth
 + Level 2.9 Spellcasting
 * Level 5.3 Ice Magic


You had 5 spell levels left.
You knew the following spells:

 Your Spells              Type           Power        Failure   Level  Hunger
a - Freeze                Ice            ###.         1%          1    #......
b - Frozen Ramparts       Ice            ###...       6%          3    ###....

Your spell library contained the following spells:

 Spells                   Type           Power        Failure   Level  Hunger
 Ozocubu's Armour         Chrm/Ice       ##......     19%         3    ###....
 Hailstorm                Conj/Ice       ##......     52%         4    #####..
 Summon Ice Beast         Ice/Summ       ##......     52%         4    #####..


Dungeon Overview and Level Annotations

Branches:
Dungeon (3/15)

Altars:

Annotations:
D:3 Grinder


Innate Abilities, Weirdness & Mutations

Your plain brown scales are hard. (AC +5)
You cannot fit into any form of body armour.
You are cold-blooded and may be slowed by cold attacks.


Message History

* * * LOW HITPOINT WARNING * * *
You can move again.
You aren't carrying any items that you can evoke.
Okay, then.
It was a potion of curing.
You feel better. Grinder hits you.
You writhe in agony.
Casting: Freeze (safe; 1% risk of failure)
Confirm with . or Enter, or press ? or * to list all spells.
You don't have enough magic to cast that spell.
Grinder gestures at you. Pain shoots through your body!
* * * LOW HITPOINT WARNING * * *
Grinder gestures at you.
You suddenly lose the ability to move!
Grinder blinks!
You can move again.
There is a stone staircase leading up here.
Grinder gestures at you. Pain shoots through your body!
You die...

...................###.......###.
.....##.####.......# #..#...## #.
##.####............###.###.## #.
#.# #)..##......#....# #.# #. #.#
#...##.####......# #.# .. #.#
#...##)# #..#.#.# .##
##.####...##.# #......# ..#
#............#####.#.#.# #.#
#..####.<.#..).)@..5...# #.# ...#
##.........####..## #.#
#..###....#.###.# #).# #5#
#......##.#.# #.####..# #.#
#..#......#.# #.......#####.#
#.........#.# #######.>..5..#
#.##.....##.# #########
#.##.....##. #.##.....#


You could see Grinder.

Vanquished Creatures
  A quasit (D:2)
  Jessica (D:3)
  2 adders (D:2)
  A worm (D:2)
  4 dart slugs
  5 leopard geckos
  An orc (D:3)
  4 giant cockroaches
  6 goblins
  8 hobgoblins
  11 kobolds
  A quokka (D:3)
  A ball python (D:3)
  10 bats
  4 frilled lizards
  4 rats
64 creatures vanquished.

Notes
Turn   | Place    | Note
-------+----------+-------------------------------------------
     0 | D:1      | Kohma the Draconian Ice Elementalist began the quest for
                  | the Orb.
     0 | D:1      | Reached XP level 1. HP: 14/14 MP: 3/3
   337 | D:1      | Reached XP level 2. HP: 19/22 MP: 1/5
   467 | D:1      | Reached skill level 1 in Fighting
  1001 | D:2      | Reached XP level 3. HP: 28/28 MP: 4/6
  1006 | D:2      | Learned a level 3 spell: Frozen Ramparts
  1061 | D:2      | Found a faded altar of an unknown god.
  1322 | D:2      | Reached skill level 5 in Ice Magic
  1322 | D:2      | Reached XP level 4. HP: 35/36 MP: 0/8
  1651 | D:3      | Noticed Jessica
  1658 | D:3      | Killed Jessica
  1658 | D:3      | Reached XP level 5. HP: 42/42 MP: 1/9
  1976 | D:3      | Noticed Grinder
  2002 | D:3      | Paralysed by Grinder for 7 turns
  2016 | D:3      | Paralysed by Grinder for 6 turns
  2022 | D:3      | Killed from afar by Grinder

Levels and vault maps discovered:
D:1:      psy_arrival_whirlpool, layout_basic
D:2:      layout_rooms, chequers_ecumenical_altar_lobes,
          minmay_misc_feat_ornament
D:3:      layout_loops_ring, uniq_jessica, uniq_grinder

Skill      XL: |  1  2  3 |
---------------+----------+-----
Fighting       | 1 2 |  2.4
Ice Magic      | 5 |  5.3
Dodging        | |  1.7
Stealth        | |  1.7
Spellcasting   | |  2.9

Action                   |  1- 3 |  4- 6 || total
-------------------------+-------+-------++-------
Melee: Short sword       |    29 |    16 ||    45
       Unarmed           |     1 |       ||     1
       Tailslap          |     2 |     3 ||     5
 Cast: Freeze            |    40 |     1 ||    41
       Frozen Ramparts   |     6 |    16 ||    22
  Use: Potion            |       |     1 ||     1
  Eat: Chunk             |     2 |     4 ||     6
Armor: Skin              |    24 |     6 ||    30
Dodge: Dodged            |    59 |    14 ||    73

Table legend:
 A = Non-vault XP
 B = Vault XP
 C = Vault XP percentage of total XP
 D = Non-vault monster count
 E = Vault monster count
 F = Vault count percentage of total count
                 A         B        C        D         E       F
            +---------+---------+-------+---------+---------+-------
      Total |     182 |      37 |  16.9 |      63 |       1 |   1.6
            +---------+---------+-------+---------+---------+-------
        D:1 |      33 |       0 |   0.0 |      18 |       0 |   0.0
        D:2 |     121 |       0 |   0.0 |      31 |       0 |   0.0
        D:3 |      28 |      37 |  56.9 |      14 |       1 |   6.7
            +---------+---------+-------+---------+---------+-------
